 Dungeon Crawl Stone Soup version 0.28.0-47-ge53b351184 (webtiles) character file.

Game seed: 10348150521380917812

2 Iusername the Firebug (level 1, -10/10 HPs)
             Began as a Gargoyle Fire Elementalist on May 4, 2022.
             Engulfed by a cloud of steam (13 damage)
             ... on level 1 of the Dungeon.
             The game lasted 00:00:48 (84 turns).

Iusername the Firebug (Gargoyle Fire Elementalist)    Turns: 84, Time: 00:00:49

Health: -10/10     AC:  5    Str: 11    XL:     1   Next: 40%
Magic:  2/3        EV: 11    Int: 15    God:
Gold:   10         SH:  0    Dex: 10    Spells: 3/4 levels left

rFire   . . .      SeeInvis .   (no weapon)
rCold   . . .      Faith    .   (no shield)
rNeg    + . .      Spirit   .   a - +0 robe
rPois   ∞          Reflect  .   (no helmet)
rElec   +          Harm     .   b - +0 cloak
rCorr   .          Rampage  .   (no gloves)
Will    .....                   (no boots)
Stlth   +.........              (no amulet)
HPRegen 0.03/turn               (no ring)
MPRegen 0.08/turn               (no ring)

@: very slow
A: sickness immunity, AC +2, negative energy resistance 1, electricity
resistance, torment resistance 1, petrification resistance
a: no special abilities


You were on level 1 of the Dungeon.
You visited 1 branch of the dungeon, and saw 1 of its levels.

You collected 10 gold pieces.

Inventory:

Armour
 a - a +0 robe (worn)
 b - a +0 cloak (worn)


   Skills:
 + Level 1.5 Dodging
 + Level 2.1 Stealth
 + Level 2.0 Spellcasting
 + Level 1.1 Conjurations
 + Level 3.2 Fire Magic


You had 3 spell levels left.
You knew the following spells:

 Your Spells              Type           Power      Damage    Failure   Level
a - Foxfire               Conj/Fire      28%        2x1d5     10%         1

Your spell library contained the following spells:

 Spells                   Type           Power      Damage    Failure   Level
 Scorch                   Fire           22%        2d6       9%          2
 Conjure Flame            Conj/Fire      7%         6-21      28%         3
 Inner Flame              Hex/Fire       6%         N/A       34%         3
 Flame Wave               Conj/Fire      7%         2d5       67%         4


Dungeon Overview and Level Annotations

Branches:
Dungeon (1/15)

Altars:


Innate Abilities, Weirdness & Mutations

You are immune to sickness and miasma.
Your stone body is resilient. (AC +2)
You are immune to poison.
You resist negative energy. (rN+)
You are resistant to electric shocks. (rElec)
You are resistant to unholy torment.
You are immune to petrification.


Message History

The jackal bites you but does no damage. x2
You hit the jackal but do no damage.
The jackal is heavily wounded.
The jackal splashes around in the water.
The jackal misses you. The jackal bites you.
The jackal bites you but does no damage.
You barely miss the jackal.
The jackal is heavily wounded.
The jackal closely misses you. The jackal barely misses you.
You barely miss the jackal.
The jackal is moderately wounded.
The jackal splashes around in the water.
The jackal bites you but does no damage.
The jackal closely misses you.
The jackal splashes around in the water.
The jackal bites you but does no damage. x2
You barely miss the jackal.
The jackal is heavily wounded.
The jackal bites you.
* * * LOW HITPOINT WARNING * * *
The jackal splashes around in the water. x2
Why would you want to do that?
You barely miss the jackal.
The jackal is heavily wounded.
The jackal bites you but does no damage.
The jackal closely misses you.
The jackal splashes around in the water.
Why would you want to do that?
Your unstable footing causes you to fumble your attack.
The jackal bites you but does no damage.
The jackal barely misses you. The jackal closely misses you.
The jackal bites you but does no damage.
The jackal closely misses you.
The jackal splashes around in the water.
The jackal barely misses you.
Your unstable footing causes you to fumble your attack.
You are engulfed in a cloud of scalding steam.
Ouch! That really hurt!
You die...

###.≈≈§≈≈§
....≈§≈≈§≈
#...≈§≈≈≈≈
#.....§§§≈≈
#....≈≈≈§≈≈
#.§§≈≈§§≈≈≈≈≈≈≈≈≈#
#..≈§≈≈≈≈≈≈≈≈≈≈≈≈#
#.h@§≈≈≈≈≈≈≈≈≈≈≈.#
##h≈≈≈≈≈≈≈≈≈.....#
##..≈≈§≈.........#
#................#
#.......≈........#
#................#
#..###.#.........#
.........#.#########
###########.#


You could see 2 jackals.

Vanquished Creatures
  2 jackals (D:1)
2 creatures vanquished.

Vanquished Creatures (others)
  6 foxfires (D:1)
6 creatures vanquished.

Grand Total: 8 creatures vanquished

Notes
Turn   | Place    | Note
-------+----------+-------------------------------------------
     0 | D:1      | Iusername the Gargoyle Fire Elementalist began the quest
                  | for the Orb.
     0 | D:1      | Reached XP level 1. HP: 10/10 MP: 3/3
    84 | D:1      | Engulfed by a cloud of steam

Illustrated notes

Levels and vault maps discovered:
D:1:      wheals_arrival_shading, layout_loops_ring, minmay_misc_feat_encased,
          amcnicky_mini_corridor_feature, lemuel_old_faithful

Action                   || total
-------------------------++-------
Melee: Unarmed           ||    19
 Cast: Foxfire           ||     3
Armor: Robe              ||    17
Dodge: Dodged            ||    26
